 Dungeon Crawl Stone Soup version 0.27.1-33-g824d729ab1 (webtiles) character file.

Game seed: 2480012853637340082

2046 halfoni the Covered (level 9, -6/69 HPs)
             Began as a Human Berserker on Dec 18, 2021.
             Was an Elder of Trog.
             Killed from afar by Harold (9 damage)
             ... with a harpoon shot
             ... on level 7 of the Dungeon.
             The game lasted 00:15:51 (10346 turns).

halfoni the Covered (Human Berserker)              Turns: 10346, Time: 00:15:52

Health: -6/69      AC: 21    Str: 20    XL:     9   Next: 48%
Magic:  9/9        EV:  5    Int:  9    God:    Trog [****..]
Gold:   118        SH:  9    Dex: 12    Spells: 8/8 levels left

rFire    . . .     SeeInvis .   w - +0 long sword
rCold    . . .     Faith    .   i - +0 kite shield
rNeg     . . .     Spirit   .   u - +0 plate armour
rPois    .         Reflect  .   (no helmet)
rElec    .         Harm     .   f - +0 cloak
rCorr    .         Rampage  .   (no gloves)
Will     .....                  q - +2 pair of boots
Stlth    ..........             (no amulet)
HPRegen  0.21/turn              n - +4 ring of protection
MPRegen  0.11/turn              (no ring)

@: marked, on berserk cooldown, slowed, very slow
A: no striking features
a: Renounce Religion, Berserk, Trog's Hand, Brothers in Arms


You were on level 7 of the Dungeon.
You worshipped Trog.
Trog was greatly pleased with you.
You visited 1 branch of the dungeon, and saw 7 of its levels.

You collected 250 gold pieces.
You spent 132 gold pieces at shops.

Inventory:

Hand Weapons
 o - a +2 short sword of speed
 w - a +0 long sword (weapon)
Armour
 f - a +0 cloak (worn)
 i - a +0 kite shield (worn)
 q - a +2 pair of boots (worn)
 u - a +0 plate armour (worn)
 y - the +5 ring mail of Watchfulness {rPois Str+2}
   (You took it off an orc on level 6 of the Dungeon)

   Str:       It affects your strength (+2).
   rPois:     It protects you from poison.
Jewellery
 b - an amulet of magic regeneration
 l - a ring of ice
 n - a +4 ring of protection (left hand)
Wands
 a - a wand of polymorph (8)
 p - a wand of acid (9)
Scrolls
 e - 5 scrolls of teleportation
 m - a scroll of amnesia {unknown}
 x - a scroll of identify
 B - a scroll of brand weapon {unknown}
Potions
 c - a potion of berserk rage
 d - 3 potions of brilliance {unknown}
 g - a potion of mutation {unknown}
 h - a potion of resistance {unknown}
 j - 2 potions of haste {unknown}
 k - 4 potions of curing {unknown}
 r - 2 potions of might {unknown}
 s - a potion of cancellation {unknown}
 t - a potion of attraction {unknown}
 v - a potion of flight {unknown}
 z - 2 potions of heal wounds {unknown}
 A - a potion of lignification {unknown}


   Skills:
 + Level 6.2 Fighting
 - Level 3.0(4.6) Short Blades
 * Level 5.4(5.8) Long Blades
 * Level 6.4 Armour
 + Level 5.2 Dodging
 * Level 4.0 Shields


You had 8 spell levels left.
You didn't know any spells.
Your spell library was empty.

Dungeon Overview and Level Annotations

Branches:
Dungeon (7/15)             Temple (0/1) D:4

Altars:
Kikubaaqudgha
Xom
Yredelemnul

Shops:
D:6 *

Annotations:
D:7 Harold


Message History

Harold is heavily wounded.
Harold barely misses you.
You barely miss Harold.
Harold is heavily wounded.
You block Harold's attack.
Your shield prevents you from hitting Harold.
Harold is heavily wounded.
Harold hits you with a +5 hand axe of flaming!
Harold burns you.
You hit Harold.
Harold is heavily wounded.
You slash Harold!
Harold is severely wounded.
Harold hits you with a +5 hand axe of flaming!
* * * LOW HITPOINT WARNING * * *
Harold burns you.
* * * LOW HITPOINT WARNING * * *
You slash Harold!
Harold is severely wounded.
Harold hits you but does no damage.
You slash Harold!
Harold is almost dead.
Harold hits you with a +5 hand axe of flaming!
* * * LOW HITPOINT WARNING * * *
Harold burns you.
* * * LOW HITPOINT WARNING * * *
Calm down first, please.
Harold fires a harpoon shot at you. The harpoon shot hits you.
* * * LOW HITPOINT WARNING * * *
You are yanked forward by the harpoon shot.
You feel a strong urge to attack something.
You are no longer berserk.
You are exhausted.
You feel yourself slow down.
Harold points at you and mumbles some strange words.
A sentinel's mark forms upon you. Harold fires a harpoon shot at you.
The harpoon shot hits you!
You die...

#......###...
##....†.#.....
########.........#...
..........#.######...
######...#.# #...
#####....#.## ###.
#............ #.
###.....##.## ###.
#@###.# ..# #... #.#
..# ..# #.## ###.#
.## #.# #.# #.@.# #.#
#.### #.# #. #.# #.
#.# .. #.# .. ##.#


You could see Harold.

Vanquished Creatures
  Grinder (D:6)
  A wyvern (D:7)
  A steam dragon (D:6)
  A hornet zombie (D:6)
  2 black bears (D:6)
  A necrophage (D:7)
  2 ogres (D:6)
  A centaur (D:5)
  A phantom (D:6)
  A gnoll sergeant (D:6)
  A water moccasin zombie (D:6)
  A wyvern skeleton (D:6)
  A wight (D:6)
  A howler monkey (D:6)
  A hound (D:5)
  2 jellies
  3 iguanas (D:6)
  Jessica (D:3)
  6 orc wizards
  A scorpion zombie (D:3)
  A hound zombie (D:3)
  A howler monkey zombie (D:3)
  7 gnolls
  7 adders
  A shadow imp (D:6)
  A white imp (D:4)
  An ufetubus (D:6)
  An adder skeleton (D:4)
  A worm (D:2)
  2 dart slugs
  19 orcs
  3 bat zombies (D:6)
  3 endoplasms (D:3)
  14 giant cockroaches
  10 goblins
  11 hobgoblins
  3 jackals (D:4)
  A quokka (D:3)
  3 ball pythons
  4 bats
  A giant cockroach zombie (D:3)
  6 kobolds
  2 rats (D:1)
  2 rat zombies (D:6)
135 creatures vanquished.

Vanquished Creatures (others)
  An orc (D:6)
1 creature vanquished.

Grand Total: 136 creatures vanquished

Notes
Turn   | Place    | Note
-------+----------+-------------------------------------------
     0 | D:1      | halfoni the Human Berserker began the quest for the Orb.
     0 | D:1      | Reached XP level 1. HP: 18/18 MP: 1/1
   119 | D:1      | Reached XP level 2. HP: 24/24 MP: 2/2
   353 | D:1      | Reached skill level 1 in Long Blades
   533 | D:1      | Reached XP level 3. HP: 29/29 MP: 3/3
   577 | D:1      | Found a faded altar of an unknown god.
  2129 | D:3      | Reached XP level 4. HP: 37/37 MP: 4/4
  2160 | D:3      | Reached ** piety under Trog
  2535 | D:3      | Reached XP level 5. HP: 41/42 MP: 5/5
  2774 | D:3      | Noticed Jessica
  2781 | D:3      | Killed Jessica
  3777 | D:3      | Reached XP level 6. HP: 48/48 MP: 6/6
  4792 | D:3      | Found a basalt altar of Yredelemnul.
  5261 | D:4      | Found a staircase to the Ecumenical Temple.
  5586 | D:4      | Reached XP level 7. HP: 38/55 MP: 7/7
  6331 | D:5      | Entered Level 5 of the Dungeon
  6457 | D:5      | Reached *** piety under Trog
  7378 | D:6      | Reached skill level 5 in Fighting
  7945 | D:6      | Reached XP level 8. HP: 62/62 MP: 8/8
  8208 | D:6      | Found Ziddama's CLEARANCE SALE! EVERYTHING MUST GO!.
  8225 | D:6      | Bought a +2 pair of boots for 132 gold pieces
  8382 | D:6      | Found an ancient bone altar of Kikubaaqudgha.
  8399 | D:6      | Noticed Grinder
  8413 | D:6      | Killed Grinder
  8414 | D:6      | Reached skill level 5 in Armour
  8414 | D:6      | Reached skill level 5 in Dodging
  8414 | D:6      | Reached skill level 1 in Shields
  9332 | D:6      | Reached XP level 9. HP: 69/69 MP: 9/9
  9449 | D:6      | Identified the +5 ring mail of Watchfulness {rPois Str+2}
  9676 | D:6      | Reached **** piety under Trog
  9903 | D:6      | Reached skill level 5 in Long Blades
 10207 | D:7      | Found a shimmering altar of Xom.
 10293 | D:7      | Identified the +0 leather armour "Zuynlit" {+Blink SInv}
 10328 | D:7      | Noticed Harold
 10342 | D:7      | HP: 5/103 [Harold (1)]
 10346 | D:7      | Killed from afar by Harold

Illustrated notes

Levels and vault maps discovered:
D:1:      kilobyte_arrival_exit_the_forest, layout_rooms,
          chequers_ecumenical_altar_twisty
D:2:      layout_basic
D:3:      minmay_roachtagon, layout_basic, nicolae_yredelemnul_corpse_copse,
          serial_curves, eino_curves_01, eino_curves_03, eino_curves_03,
          uniq_jessica
D:4:      layout_cave_pods, minmay_temple_entry_slanted
D:5:      layout_loops_ring
D:6:      minmay_octagon_keep, layout_basic, lemuel_zombie_altar_kikubaaqudgha,
          nicolae_shop_clearance, uniq_grinder
D:7:      layout_rooms, nicolae_overflow_hidden_temple,
          mainiacjoe_overflow_surrounded_room, grunt_ministairs_4, uniq_harold,
          uniq_joseph

Skill      XL: |  1  2  3  4  5  6  7  8  9 |
---------------+----------------------------+-----
Long Blades    | 1 2 3 4 5 |  5.4
Fighting       | 4 5 6 |  6.2
Dodging        | 3 4 5 |  5.2
Armour         | 3 4 5 6 |  6.4
Shields        | 2 4 |  4.0
Short Blades   | |  3.0

Action                   |  1- 3 |  4- 6 |  7- 9 || total
-------------------------+-------+-------+-------++-------
Melee: Short sword       |   144 |   200 |   194 ||   538
       Long sword        |       |       |   118 ||   118
Invok: Berserk           |     3 |     7 |    13 ||    23
  Use: Scroll            |       |       |     6 ||     6
 Stab: Sleeping          |     1 |       |       ||     1
Armor: Animal skin       |    16 |       |       ||    16
       Leather armour    |    18 |    72 |     9 ||    99
       Plate armour      |       |       |   211 ||   211
Dodge: Dodged            |    88 |   115 |    87 ||   290
Block: Kite shield       |       |       |   121 ||   121
       Rpst.: Long sword |       |       |     8 ||     8
